 Dungeon Crawl Stone Soup version 0.21.1-1-g345015f (webtiles) character file.

567 tidbits the Insei (level 7, -3/52 HPs)
             Began as a Gnoll Transmuter on Mar 23, 2018.
             Was a Follower of Cheibriados.
             Slain by a two-headed ogre
             ... wielding a +0 giant club
              (11 damage)
             ... on level 8 of the Dungeon.
             The game lasted 00:13:07 (1433 turns).

tidbits the Insei (Gnoll Transmuter)                Turns: 1433, Time: 00:13:08

Health: -3/52      AC:  2    Str: 16    XL:     7   Next: 33%
Magic:  0/15       EV: 16    Int: 20    God:    Cheibriados [*.....]
Gold:   235        SH:  0    Dex: 18    Spells: 2/17 levels left

rFire    . . .     SeeInvis .   l - +0 dagger
rCold    . . .     Gourm    .   (no shield)
rNeg     . . .     Faith    .   b - +0 robe
rPois    +         Spirit   .   (no helmet)
rElec    .         Reflect  .   (no cloak)
rCorr    .         Harm     .   (no gloves)
MR       .....                  (no boots)
Stlth    +.........             (no amulet)
HPRegen  0.17/turn              P - ring of poison resistance
MPRegen  0.14/turn              (no ring)

@: contaminated, glowing, very slow
A: distributed training, fangs 1, strong nose
a: Bend Time, Renounce Religion


You were on level 8 of the Dungeon.
You worshipped Cheibriados.
Cheibriados was aware of your devotion.
You were not hungry.

You visited 1 branch of the dungeon, and saw 9 of its levels.

You collected 235 gold pieces.

Inventory:

Hand Weapons
 e - a cursed -3 hunting sling
 i - a +0 war axe
 k - a +2 dagger of venom
   (You found it on level 2 of the Dungeon)
 l - a +0 dagger (weapon)
 w - a +0 hand axe of freezing
   (You took it off an orc on level 8 of the Dungeon)
Missiles
 a - 26 arrows
 g - 19 stones
 q - 13 tomahawks
 t - a javelin (quivered)
Armour
 b - a +0 robe (worn)
 v - a +3 leather armour
Jewellery
 P - a ring of poison resistance (left hand)
   (You found it on level 1 of the Dungeon)
Wands
 n - a wand of iceblast (9)
 r - a wand of enslavement (21)
Scrolls
 f - 2 scrolls of magic mapping
 j - a scroll of teleportation
 s - 4 scrolls of blinking
Potions
 h - a potion of curing {unknown}
 m - a potion of lignification {unknown}
 o - a potion of mutation {unknown}
 p - 2 potions of might
 u - 2 potions of brilliance
 x - a potion of flight {unknown}
Books
 c - a book of Changes

   Spells                             Type                      Level
   a - Beastly Appendage              Transmutation                1
   b - Sticks to Snakes               Transmutation                2
   c - Spider Form                    Transmutation/Poison         3
   d - Ice Form                       Ice/Transmutation            4
   e - Blade Hands                    Transmutation                5
Comestibles
 d - 9 rations


   Skills:
 + Level 3.5 Fighting
 + Level 2.3 Short Blades
 + Level 2.3 Long Blades
 + Level 2.3 Axes
 + Level 2.3 Maces & Flails
 + Level 2.3 Polearms
 + Level 2.3 Staves
 + Level 2.3 Slings
 + Level 2.3 Bows
 + Level 2.3 Crossbows
 + Level 2.3 Throwing
 + Level 2.3 Armour
 + Level 5.2 Dodging
 + Level 2.3 Stealth
 + Level 2.3 Shields
 + Level 7.0 Unarmed Combat
 + Level 5.5 Spellcasting
 + Level 1.9 Conjurations
 + Level 1.9 Hexes
 + Level 1.9 Charms
 + Level 1.9 Summonings
 + Level 1.9 Necromancy
 + Level 1.9 Translocations
 + Level 4.3 Transmutations
 + Level 1.9 Fire Magic
 + Level 1.9 Ice Magic
 + Level 1.9 Air Magic
 + Level 1.9 Earth Magic
 + Level 1.9 Poison Magic
 + Level 2.6 Invocations
 + Level 2.3 Evocations


You had 2 spell levels left.
You knew the following spells:

 Your Spells              Type           Power        Failure   Level  Hunger
e - Beastly Appendage     Tmut           ###...       1%          1    None
h - Blade Hands           Tmut           ###.......   45%         5    #####..
i - Ice Form              Ice/Tmut       ###.....     30%         4    ####...
k - Sticks to Snakes      Tmut           ###.....     2%          2    None
p - Spider Form           Tmut/Pois      ###.......   9%          3    ##.....


Dungeon Overview and Level Annotations

Branches:
Dungeon (9/15)
 Temple: D:4-7         Lair: D:8-11         Orc: D:9-12

Altars:
Cheibriados
Elyvilon
Makhleb
Okawaru
Ru
Uskayaw
Zin

Shops:
D:6 :


Innate Abilities, Weirdness & Mutations

Your experience applies equally to all skills.
You have very sharp teeth.
Your uncanny sense of smell can sniff out nearby items.


Message History

Your adder is no longer moving slowly.
Things that are here:
a hand axe of freezing; an orc corpse You butcher the orc corpse.
Things that are here:
a hand axe of freezing; 2 chunks of flesh; an orc skeleton Eat one of 2 chunks of flesh? (ye/n/q)
You eat one of the 2 chunks of flesh.
This raw flesh tastes terrible.
w - a hand axe of freezing Your magical contamination has completely faded away.
Your adder withers and dies!
Found 11 gold pieces.
A giant cockroach comes into view.
The giant cockroach moves out of view.
The giant cockroach barely misses you. The giant cockroach bites you.
You see here 11 gold pieces.
You hit the giant cockroach. You freeze the giant cockroach.
The giant cockroach is moderately wounded.
The giant cockroach waves its antennae.
The giant cockroach misses you.
You pummel the giant cockroach!! You freeze the giant cockroach.
You kill the giant cockroach!
Cheibriados thoroughly appreciates the change of pace.
You now have 235 gold pieces (gained 11).
Your transformation is almost over.
Found a smoky coppery potion.
Found a ration.
You warm up again.
Your +0 dagger unmelds from your body.
Your +0 robe unmelds from your body.
You see here a ration.
d - 9 rations (gained 1)
Found a white potion.
You see here a smoky coppery potion.
x - a smoky coppery potion A two-headed ogre comes into view.
It is wielding two giant clubs.
The two-headed ogre shouts in stereo!
Evoke which item? (* to show all) (? for menu, Esc to quit)
Aiming: Iceblast
Press: ? - help, Shift-Dir - straight line The mass of ice explodes!
The iceblast engulfs the two-headed ogre.
The two-headed ogre is moderately wounded.
Evoke which item? (* to show all) (? for menu, Esc to quit)
Aiming: Iceblast
Press: ? - help, Shift-Dir - straight line, f - two-headed ogre
Aim: a two-headed ogre, wielding two giant clubs (moderately wounded)
The mass of ice explodes!
The iceblast engulfs the two-headed ogre.
The two-headed ogre is heavily wounded.
Evoke which item? (* to show all) (? for menu, Esc to quit)
Aiming: Iceblast
Press: ? - help, Shift-Dir - straight line, f/p - two-headed ogre
Aim: a two-headed ogre, wielding two giant clubs (heavily wounded)
The mass of ice explodes!
The iceblast engulfs the two-headed ogre.
The two-headed ogre is severely wounded.
Throwing (i - inventory. (,) - cycle):
t - 2 javelins (quivered)
Press: ? - help, Shift-Dir - straight line, f/p - two-headed ogre
Aim: a two-headed ogre, wielding two giant clubs (severely wounded)
You throw a javelin. The javelin hits the two-headed ogre.
The two-headed ogre is almost dead.
Casting: Sticks to Snakes
Confirm with . or Enter, or press ? or * to list all spells.
You miscast Ice Form.
You are very lightly contaminated with residual magic.
You are contaminated with residual magic.
The two-headed ogre hits you with a giant club!
The two-headed ogre hits you with a giant club.
An orc comes into view. It is wielding a trident.
Unknown command.
Unknown command.
Casting: Ice Form
Confirm with . or Enter, or press ? or * to list all spells.
You don't know that spell.
Unknown command.
Okay, then.
Casting: Ice Form
Confirm with . or Enter, or press ? or * to list all spells.
You miscast Ice Form.
A chill runs through your body.
The orc shouts!
The two-headed ogre barely misses you. x2
Casting: Ice Form
Confirm with . or Enter, or press ? or * to list all spells.
You miscast Ice Form.
Your +0 dagger glows bright aubergine for a moment.
Casting: Ice Form
Confirm with . or Enter, or press ? or * to list all spells.
You don't have enough magic to cast that spell.
The two-headed ogre hits you with a giant club!!
Ouch! That really hurt!
* * * LOW HITPOINT WARNING * * *
The two-headed ogre completely misses you.
The orc closely misses you.
Casting: Ice Form
Confirm with . or Enter, or press ? or * to list all spells.
You miscast Spider Form.
Strange energies run through your body. The two-headed ogre closely misses you.
The two-headed ogre hits you with a giant club!
You die...

#..###.#
#........##
..## #.#
#.........#
.## #.#
#######...#.#
.# #.#
##.....#..##
## #..
##.........# #
##.
#..........# .
#..........#
#.
#.........##
#.....@...#
.......O...#
..........o##
........(....
∆ ∆
###.........##
#.........#
#.......!.#
#.........#


You could see a two-headed ogre and an orc.

Vanquished Creatures
  2 phantoms
  A scorpion (D:6)
  3 hounds
  A quasit (D:8)
  An orc priest (D:3)
  An orc wizard (D:3)
  Jessica (D:3)
  2 hound skeletons
  2 gnolls (D:3)
  3 adders
  2 adder zombies
  A dart slug (D:2)
  A leopard gecko (D:4)
  10 orcs
  3 giant cockroaches
  2 goblins
  2 hobgoblins
  3 jackals (D:1)
  4 quokkas
  A ball python (D:4)
  3 bats
  3 frilled lizards
  2 kobolds
  A rat (D:2)
55 creatures vanquished.

Vanquished Creatures (collateral kills)
  A hound skeleton (D:8)
  An orc (D:8)
2 creatures vanquished.

Grand Total: 57 creatures vanquished

Notes
Turn   | Place    | Note
-------+----------+-------------------------------------------
     0 | D:1      | tidbits the Gnoll Transmuter began the quest for the Orb.
     0 | D:1      | Reached XP level 1. HP: 17/17 MP: 6/6
   188 | D:2      | Reached XP level 2. HP: 22/23 MP: 5/7
   192 | D:2      | Learned a level 2 spell: Sticks to Snakes
   346 | D:3      | Noticed Jessica
   387 | D:2      | Found a white marble altar of Elyvilon.
   387 | D:2      | Found a glowing silver altar of Zin.
   392 | D:2      | Found a snail-covered altar of Cheibriados.
   394 | D:2      | Found a sacrificial altar of Ru.
   395 | D:2      | Found a hide-covered altar of Uskayaw.
   398 | D:2      | Became a worshipper of Cheibriados the Contemplative
   538 | D:3      | Reached skill level 5 in Spellcasting
   538 | D:3      | Reached XP level 3. HP: 24/28 MP: 5/9
   543 | D:3      | Learned a level 3 spell: Spider Form
   567 | D:3      | Reached skill level 1 in Invocations
   631 | D:3      | Reached skill level 1 in Short Blades
   631 | D:3      | Reached skill level 1 in Long Blades
   631 | D:3      | Reached skill level 1 in Axes
   631 | D:3      | Reached skill level 1 in Maces & Flails
   631 | D:3      | Reached skill level 1 in Polearms
   631 | D:3      | Reached skill level 1 in Staves
   631 | D:3      | Reached skill level 1 in Slings
   631 | D:3      | Reached skill level 1 in Bows
   631 | D:3      | Reached skill level 1 in Crossbows
   631 | D:3      | Reached skill level 1 in Throwing
   631 | D:3      | Reached skill level 1 in Armour
   631 | D:3      | Reached skill level 1 in Stealth
   631 | D:3      | Reached skill level 1 in Shields
   631 | D:3      | Reached skill level 1 in Evocations
   631 | D:3      | Reached XP level 4. HP: 14/34 MP: 3/11
   665 | D:3      | Reached * piety under Cheibriados
   671 | D:3      | Killed Jessica
   671 | D:3      | Reached skill level 1 in Conjurations
   671 | D:3      | Reached skill level 1 in Hexes
   671 | D:3      | Reached skill level 1 in Charms
   671 | D:3      | Reached skill level 1 in Summonings
   671 | D:3      | Reached skill level 1 in Necromancy
   671 | D:3      | Reached skill level 1 in Translocations
   671 | D:3      | Reached skill level 1 in Fire Magic
   671 | D:3      | Reached skill level 1 in Ice Magic
   671 | D:3      | Reached skill level 1 in Air Magic
   671 | D:3      | Reached skill level 1 in Earth Magic
   671 | D:3      | Reached skill level 1 in Poison Magic
   673 | D:3      | Reached XP level 5. HP: 20/40 MP: 1/12
   709 | D:3      | Reached skill level 3 in Fighting
   740 | D:4      | Noticed an ice beast
   747 | D:4      | Learned a level 4 spell: Ice Form
   838 | D:4      | Reached skill level 4 in Transmutations
   968 | D:4      | Noticed a phantom
   983 | D:4      | Killed a phantom
   983 | D:4      | Reached skill level 2 in Invocations
   983 | D:4      | Reached XP level 6. HP: 47/47 MP: 10/14
  1015 | D:4      | Reached skill level 2 in Short Blades
  1015 | D:4      | Reached skill level 2 in Long Blades
  1015 | D:4      | Reached skill level 2 in Axes
  1015 | D:4      | Reached skill level 2 in Maces & Flails
  1015 | D:4      | Reached skill level 2 in Polearms
  1015 | D:4      | Reached skill level 2 in Staves
  1015 | D:4      | Reached skill level 2 in Slings
  1015 | D:4      | Reached skill level 2 in Bows
  1015 | D:4      | Reached skill level 2 in Crossbows
  1015 | D:4      | Reached skill level 2 in Throwing
  1015 | D:4      | Reached skill level 2 in Armour
  1015 | D:4      | Reached skill level 5 in Dodging
  1015 | D:4      | Reached skill level 2 in Stealth
  1015 | D:4      | Reached skill level 2 in Shields
  1015 | D:4      | Reached skill level 2 in Evocations
  1031 | D:5      | Entered Level 5 of the Dungeon
  1105 | D:5      | Found a burning altar of Makhleb.
  1135 | D:6      | Found an iron altar of Okawaru.
  1173 | D:6      | Found Ruqiraetz's Book Shop.
  1284 | D:7      | Learned a level 5 spell: Blade Hands
  1313 | D:8      | Noticed a phantom
  1323 | D:8      | Reached XP level 7. HP: 52/52 MP: 15/15
  1341 | D:8      | Reached skill level 7 in Unarmed Combat
  1424 | D:8      | Noticed a two-headed ogre
  1433 | D:8      | Slain by a two-headed ogre

Skill      XL: |  1  2  3  4  5  6  7 |
---------------+----------------------+-----
Spellcasting   | 5 |  5.5
Invocations    | 1 2 |  2.6
Short Blades   | 1 2 |  2.3
Long Blades    | 1 2 |  2.3
Axes           | 1 2 |  2.3
Maces & Flails | 1 2 |  2.3
Polearms       | 1 2 |  2.3
Staves         | 1 2 |  2.3
Slings         | 1 2 |  2.3
Bows           | 1 2 |  2.3
Crossbows      | 1 2 |  2.3
Throwing       | 1 2 |  2.3
Armour         | 1 2 |  2.3
Stealth        | 1 2 |  2.3
Shields        | 1 2 |  2.3
Evocations     | 1 2 |  2.3
Conjurations   | 1 |  1.9
Hexes          | 1 |  1.9
Charms         | 1 |  1.9
Summonings     | 1 |  1.9
Necromancy     | 1 |  1.9
Translocations | 1 |  1.9
Fire Magic     | 1 |  1.9
Ice Magic      | 1 |  1.9
Air Magic      | 1 |  1.9
Earth Magic    | 1 |  1.9
Poison Magic   | 1 |  1.9
Fighting       | 3 |  3.5
Transmutations | 4 |  4.3
Dodging        | 5 |  5.2
Unarmed Combat | 7 |  7.0

Action                   |  1- 3 |  4- 6 |  7- 9 || total
-------------------------+-------+-------+-------++-------
Melee: Unarmed           |    55 |    71 |    13 ||   139
       Punch             |     2 |       |       ||     2
       Kick              |     7 |       |       ||     7
       Bite              |     2 |       |       ||     2
       Headbutt          |     1 |       |       ||     1
       Dagger            |       |     1 |       ||     1
Throw: Stone             |     1 |     1 |       ||     2
       Javelin           |       |       |     1 ||     1
 Cast: Beastly Appendage |    13 |       |       ||    13
       Sticks to Snakes  |     3 |     3 |     2 ||     8
       Spider Form       |     1 |     4 |       ||     5
       Ice Form          |       |     8 |     2 ||    10
Evoke: Wand              |       |       |     3 ||     3
  Use: Potion            |     1 |     2 |       ||     3
       Scroll            |       |     3 |       ||     3
 Stab: Sleeping          |       |     3 |       ||     3
  Eat: Chunk             |       |     2 |     1 ||     3
Armor: Robe              |     3 |       |       ||     3
       Skin              |       |     7 |     2 ||     9
Dodge: Dodged            |    32 |    41 |    18 ||    91

Table legend:
 A = Turns spent in this place as a percentage of turns spent in the entire game.
 B = Non-inter-level travel turns spent in this place as a percentage of non-inter-level travel turns spent in the entire game.
 C = Inter-level travel turns spent in this place as a percentage of turns spent in this place.
 D = Turns resting spent in this place as a percentage of non-inter-level travel turns spent in this place.
 E = Turns spent auto-exploring this place as a percentage of non-inter-level travel turns spent in this place.
 F = Non-inter-level travel turns spent in this place divided by the number of levels of this place that you've seen.
                   A       B       C       D       E      F
               +-------+-------+-------+-------+-------+----------------------
         Total | 100.0 | 100.0 |   0.0 |   0.0 |   0.0 | 159.2
       Dungeon | 100.0 | 100.0 |   0.0 |   0.0 |   0.0 | 159.2
               +-------+-------+-------+-------+-------+----------------------

Table legend:
 A = Kills in this place as a percentage of kills in entire the game.
 B = Kills by you in this place as a percentage of kills by you in the entire game.
 C = Kills by friends in this place as a percentage of kills by friends in the entire game.
 D = Other kills in this place as a percentage of other kills in the entire game.
 E = Experience gained in this place as a percentage of experience gained in the entire game.
 F = Experience gained in this place divided by the number of levels of this place that you have seen.
                   A       B       C       D       E      F
               +-------+-------+-------+-------+-------+----------------------
         Total | 100.0 | 100.0 | 100.0 |   N/A | 100.0 |  90.1
       Dungeon | 100.0 | 100.0 | 100.0 |   N/A | 100.0 |  90.1
               +-------+-------+-------+-------+-------+----------------------

Vault maps used:
D:1:      mainiacjoe_arrival_reflecting_pool, minmay_heptomino_d4
D:2:      chequers_temple_overflow_minitemple, first_ration
D:3:      uniq_jessica
D:4:      lemuel_zombie_altar_kikubaaqudgha, kennysheep_generic_room_16
D:5:      lemuel_crystal_altar, kennysheep_generic_room_2, uniq_duvessa
D:6:      minmay_temple_entry_grid, serial_shops, shop, dk_vineyard_3,
          okawaru_ov_weapons_minmay
D:7:      gammafunk_temple_overflow_arena, uniq_prince_ribbit1, uniq_joseph
D:8:      vehumet_crystals
D:9:      david_nohive_1, minmay_three_doors
